%YAML 1.1
%TAG !u! tag:unity3d.com,2011:
--- !u!1 &768050557444544788
GameObject:
  m_ObjectHideFlags: 0
  m_CorrespondingSourceObject: {fileID: 0}
  m_PrefabInstance: {fileID: 0}
  m_PrefabAsset: {fileID: 0}
  serializedVersion: 6
  m_Component:
  - component: {fileID: 8837370306256059114}
  m_Layer: 0
  m_Name: Scene 18
  m_TagString: Untagged
  m_Icon: {fileID: 0}
  m_NavMeshLayer: 0
  m_StaticEditorFlags: 0
  m_IsActive: 1
--- !u!4 &8837370306256059114
Transform:
  m_ObjectHideFlags: 0
  m_CorrespondingSourceObject: {fileID: 0}
  m_PrefabInstance: {fileID: 0}
  m_PrefabAsset: {fileID: 0}
  m_GameObject: {fileID: 768050557444544788}
  m_LocalRotation: {x: 0, y: 0, z: 0, w: 1}
  m_LocalPosition: {x: 0, y: 0, z: 0}
  m_LocalScale: {x: 1, y: 1, z: 1}
  m_ConstrainProportionsScale: 0
  m_Children:
  - {fileID: 350205373449457478}
  m_Father: {fileID: 0}
  m_RootOrder: 0
  m_LocalEulerAnglesHint: {x: 0, y: 0, z: 0}
--- !u!1 &6897192636182571503
GameObject:
  m_ObjectHideFlags: 0
  m_CorrespondingSourceObject: {fileID: 0}
  m_PrefabInstance: {fileID: 0}
  m_PrefabAsset: {fileID: 0}
  serializedVersion: 6
  m_Component:
  - component: {fileID: 350205373449457478}
  - component: {fileID: 7148454725280821610}
  - component: {fileID: 3748549546465322314}
  - component: {fileID: 7799654569313506381}
  - component: {fileID: 4261733038428694987}
  - component: {fileID: 7072335045794837260}
  - component: {fileID: 5178375791302988316}
  - component: {fileID: 4396966373985142475}
  - component: {fileID: 6305821561855047571}
  - component: {fileID: 4782526176654956971}
  - component: {fileID: 4542169168574002210}
  - component: {fileID: 3527713980144980064}
  - component: {fileID: 7525763479311187850}
  - component: {fileID: 5890207784456496391}
  - component: {fileID: 3636243387830780604}
  - component: {fileID: 6403033975135002232}
  - component: {fileID: 4764167103132894176}
  - component: {fileID: 2420854597140401723}
  - component: {fileID: 2601752078363531611}
  - component: {fileID: 7877000051277479767}
  - component: {fileID: 9113040956406660130}
  - component: {fileID: 7945135951135447957}
  - component: {fileID: 6154418685841260748}
  - component: {fileID: 647083969186628680}
  - component: {fileID: 1863346322723521100}
  - component: {fileID: 8424538615127259565}
  - component: {fileID: 8780100515669042867}
  - component: {fileID: 5996070677176216729}
  - component: {fileID: 1812656272306908207}
  - component: {fileID: 8898927806860276195}
  - component: {fileID: 4506614989710731358}
  - component: {fileID: 3993118058305835868}
  - component: {fileID: 6094823381064650479}
  - component: {fileID: 4422876040120860614}
  - component: {fileID: 8219799332395750028}
  - component: {fileID: 2225377343077032220}
  - component: {fileID: 5729870495473273045}
  - component: {fileID: 920956846562370074}
  - component: {fileID: 4001752927533881489}
  - component: {fileID: 8023078358043122688}
  - component: {fileID: 5698820039441764866}
  - component: {fileID: 6511906554134612236}
  - component: {fileID: 6012938708794500643}
  - component: {fileID: 8940567189276296154}
  - component: {fileID: 944648449385278012}
  - component: {fileID: 1836671539800651438}
  - component: {fileID: 2816074884874797476}
  - component: {fileID: 8433499909357617461}
  - component: {fileID: 2608514241245952354}
  - component: {fileID: 9136251757327785748}
  - component: {fileID: 66851893371564071}
  - component: {fileID: 4113137555708500557}
  - component: {fileID: 4881138040367141997}
  - component: {fileID: 1373705784138952026}
  - component: {fileID: 1719911439273992649}
  - component: {fileID: 9196288192492310391}
  - component: {fileID: 8103773920415224927}
  - component: {fileID: 7767005861561777303}
  - component: {fileID: 4749813634734624859}
  - component: {fileID: 7733480464707583739}
  - component: {fileID: 6664586063128475306}
  - component: {fileID: 4528799982869577744}
  - component: {fileID: 5447916274933002947}
  - component: {fileID: 3415060903220019760}
  - component: {fileID: 3085118675321295333}
  - component: {fileID: 7404882595297436438}
  - component: {fileID: 8542074218823766067}
  - component: {fileID: 9175632903304039661}
  - component: {fileID: 7253746983141128732}
  - component: {fileID: 3460500081800330548}
  - component: {fileID: 6887575818923943043}
  - component: {fileID: 2584141965300804799}
  - component: {fileID: 6999785109619193827}
  - component: {fileID: 4920779680055511534}
  - component: {fileID: 2258319534609977812}
  - component: {fileID: 2566939089642497574}
  - component: {fileID: 914576750979480528}
  - component: {fileID: 8675731145946531289}
  - component: {fileID: 7317909468753993849}
  - component: {fileID: 341623180904901754}
  - component: {fileID: 1046992295848730419}
  - component: {fileID: 5617428710432926622}
  - component: {fileID: 7427720946342498510}
  - component: {fileID: 3784219311860126207}
  - component: {fileID: 6361703927849665699}
  - component: {fileID: 6108530995849177245}
  - component: {fileID: 1861676082871354829}
  - component: {fileID: 7048126205852779976}
  - component: {fileID: 6511663330796470820}
  - component: {fileID: 7052340002982200018}
  - component: {fileID: 493025381144260063}
  - component: {fileID: 4799894419537601176}
  - component: {fileID: 1268111076100022199}
  - component: {fileID: 2998732729863514687}
  - component: {fileID: 7162767214869329649}
  - component: {fileID: 6879344832582093824}
  - component: {fileID: 1211774074159207628}
  - component: {fileID: 5863180166625424133}
  m_Layer: 0
  m_Name: 1.256-1.270
  m_TagString: Untagged
  m_Icon: {fileID: 0}
  m_NavMeshLayer: 0
  m_StaticEditorFlags: 0
  m_IsActive: 0
--- !u!4 &350205373449457478
Transform:
  m_ObjectHideFlags: 0
  m_CorrespondingSourceObject: {fileID: 0}
  m_PrefabInstance: {fileID: 0}
  m_PrefabAsset: {fileID: 0}
  m_GameObject: {fileID: 6897192636182571503}
  m_LocalRotation: {x: -0, y: -0, z: -0, w: 1}
  m_LocalPosition: {x: 0, y: 0, z: 0}
  m_LocalScale: {x: 1, y: 1, z: 1}
  m_ConstrainProportionsScale: 0
  m_Children: []
  m_Father: {fileID: 8837370306256059114}
  m_RootOrder: 0
  m_LocalEulerAnglesHint: {x: 0, y: 0, z: 0}
--- !u!114 &7148454725280821610
MonoBehaviour:
  m_ObjectHideFlags: 0
  m_CorrespondingSourceObject: {fileID: 0}
  m_PrefabInstance: {fileID: 0}
  m_PrefabAsset: {fileID: 0}
  m_GameObject: {fileID: 6897192636182571503}
  m_Enabled: 1
  m_EditorHideFlags: 0
  m_Script: {fileID: 11500000, guid: 7a334fe2ffb574b3583ff3b18b4792d3, type: 3}
  m_Name: 
  m_EditorClassIdentifier: 
  version: 1
  scrollPos: {x: 248.70001, y: -24.90001}
  variablesScrollPos: {x: 0, y: 0}
  variablesExpanded: 1
  blockViewHeight: 406.8
  zoom: 1
  scrollViewRect:
    serializedVersion: 2
    x: 0
    y: 0
    width: 0
    height: 0
  selectedBlocks:
  - {fileID: 3748549546465322314}
  selectedCommands:
  - {fileID: 4799894419537601176}
  variables: []
  description: 
  stepPause: 0
  colorCommands: 1
  hideComponents: 1
  saveSelection: 1
  localizationId: 
  showLineNumbers: 0
  hideCommands: []
  luaEnvironment: {fileID: 0}
  luaBindingName: flowchart
--- !u!114 &3748549546465322314
MonoBehaviour:
  m_ObjectHideFlags: 0
  m_CorrespondingSourceObject: {fileID: 0}
  m_PrefabInstance: {fileID: 0}
  m_PrefabAsset: {fileID: 0}
  m_GameObject: {fileID: 6897192636182571503}
  m_Enabled: 1
  m_EditorHideFlags: 0
  m_Script: {fileID: 11500000, guid: 3d3d73aef2cfc4f51abf34ac00241f60, type: 3}
  m_Name: 
  m_EditorClassIdentifier: 
  nodeRect:
    serializedVersion: 2
    x: 248
    y: 123
    width: 103.6
    height: 40
  tint: {r: 1, g: 1, b: 1, a: 1}
  useCustomTint: 0
  itemId: 0
  blockName: Scene 18
  description: 
  eventHandler: {fileID: 7799654569313506381}
  commandList:
  - {fileID: 8675731145946531289}
  - {fileID: 7317909468753993849}
  - {fileID: 4113137555708500557}
  - {fileID: 1719911439273992649}
  - {fileID: 7072335045794837260}
  - {fileID: 4782526176654956971}
  - {fileID: 1373705784138952026}
  - {fileID: 6305821561855047571}
  - {fileID: 4542169168574002210}
  - {fileID: 9196288192492310391}
  - {fileID: 4396966373985142475}
  - {fileID: 3527713980144980064}
  - {fileID: 8103773920415224927}
  - {fileID: 5178375791302988316}
  - {fileID: 7525763479311187850}
  - {fileID: 7767005861561777303}
  - {fileID: 3636243387830780604}
  - {fileID: 6094823381064650479}
  - {fileID: 4749813634734624859}
  - {fileID: 5890207784456496391}
  - {fileID: 4422876040120860614}
  - {fileID: 7733480464707583739}
  - {fileID: 2420854597140401723}
  - {fileID: 3993118058305835868}
  - {fileID: 6664586063128475306}
  - {fileID: 4764167103132894176}
  - {fileID: 8898927806860276195}
  - {fileID: 4528799982869577744}
  - {fileID: 6403033975135002232}
  - {fileID: 4506614989710731358}
  - {fileID: 5447916274933002947}
  - {fileID: 647083969186628680}
  - {fileID: 1812656272306908207}
  - {fileID: 3415060903220019760}
  - {fileID: 6154418685841260748}
  - {fileID: 6511663330796470820}
  - {fileID: 5996070677176216729}
  - {fileID: 2566939089642497574}
  - {fileID: 3784219311860126207}
  - {fileID: 3085118675321295333}
  - {fileID: 7945135951135447957}
  - {fileID: 8780100515669042867}
  - {fileID: 7404882595297436438}
  - {fileID: 9113040956406660130}
  - {fileID: 8424538615127259565}
  - {fileID: 8542074218823766067}
  - {fileID: 7877000051277479767}
  - {fileID: 1863346322723521100}
  - {fileID: 9175632903304039661}
  - {fileID: 2601752078363531611}
  - {fileID: 2816074884874797476}
  - {fileID: 7253746983141128732}
  - {fileID: 6012938708794500643}
  - {fileID: 8433499909357617461}
  - {fileID: 2258319534609977812}
  - {fileID: 7427720946342498510}
  - {fileID: 3460500081800330548}
  - {fileID: 6511906554134612236}
  - {fileID: 2608514241245952354}
  - {fileID: 341623180904901754}
  - {fileID: 6361703927849665699}
  - {fileID: 7048126205852779976}
  - {fileID: 6887575818923943043}
  - {fileID: 8940567189276296154}
  - {fileID: 2998732729863514687}
  - {fileID: 2584141965300804799}
  - {fileID: 944648449385278012}
  - {fileID: 66851893371564071}
  - {fileID: 6999785109619193827}
  - {fileID: 6108530995849177245}
  - {fileID: 1268111076100022199}
  - {fileID: 1836671539800651438}
  - {fileID: 914576750979480528}
  - {fileID: 493025381144260063}
  - {fileID: 7052340002982200018}
  - {fileID: 5863180166625424133}
  - {fileID: 4799894419537601176}
  - {fileID: 1861676082871354829}
  - {fileID: 6879344832582093824}
  - {fileID: 7162767214869329649}
  - {fileID: 9136251757327785748}
  - {fileID: 1211774074159207628}
  - {fileID: 4920779680055511534}
  - {fileID: 4881138040367141997}
  - {fileID: 4261733038428694987}
  - {fileID: 1046992295848730419}
  - {fileID: 5617428710432926622}
  - {fileID: 8219799332395750028}
  - {fileID: 5729870495473273045}
  - {fileID: 2225377343077032220}
  - {fileID: 8023078358043122688}
  - {fileID: 4001752927533881489}
  - {fileID: 5698820039441764866}
  - {fileID: 920956846562370074}
  suppressAllAutoSelections: 0
--- !u!114 &7799654569313506381
MonoBehaviour:
  m_ObjectHideFlags: 0
  m_CorrespondingSourceObject: {fileID: 0}
  m_PrefabInstance: {fileID: 0}
  m_PrefabAsset: {fileID: 0}
  m_GameObject: {fileID: 6897192636182571503}
  m_Enabled: 1
  m_EditorHideFlags: 0
  m_Script: {fileID: 11500000, guid: 8ff5d850a887844fe87ae7d366d3ab5e, type: 3}
  m_Name: 
  m_EditorClassIdentifier: 
  parentBlock: {fileID: 3748549546465322314}
  suppressBlockAutoSelect: 0
--- !u!114 &4261733038428694987
MonoBehaviour:
  m_ObjectHideFlags: 0
  m_CorrespondingSourceObject: {fileID: 0}
  m_PrefabInstance: {fileID: 0}
  m_PrefabAsset: {fileID: 0}
  m_GameObject: {fileID: 6897192636182571503}
  m_Enabled: 1
  m_EditorHideFlags: 0
  m_Script: {fileID: 11500000, guid: dbd8c931f22994b9d90e2037fffaa770, type: 3}
  m_Name: 
  m_EditorClassIdentifier: 
  itemId: 3
  indentLevel: 0
  _targetGameObject:
    gameObjectRef: {fileID: 0}
    gameObjectVal: {fileID: 6897192636182571503}
  activeState:
    booleanRef: {fileID: 0}
    booleanVal: 0
  targetGameObjectOLD: {fileID: 0}
--- !u!114 &7072335045794837260
MonoBehaviour:
  m_ObjectHideFlags: 0
  m_CorrespondingSourceObject: {fileID: 0}
  m_PrefabInstance: {fileID: 0}
  m_PrefabAsset: {fileID: 0}
  m_GameObject: {fileID: 6897192636182571503}
  m_Enabled: 1
  m_EditorHideFlags: 0
  m_Script: {fileID: 11500000, guid: ec422cd568a9c4a31ad7c36d0572b9da, type: 3}
  m_Name: 
  m_EditorClassIdentifier: 
  itemId: 19
  indentLevel: 0
  storyText: "I\u2019m confused\u2026"
  description: 
  character: {fileID: 0}
  portrait: {fileID: 0}
  voiceOverClip: {fileID: 8300000, guid: 2790a5fd66a44f04f84f48a240e06a95, type: 3}
  showAlways: 1
  showCount: 1
  extendPrevious: 0
  fadeWhenDone: 0
  waitForClick: 0
  stopVoiceover: 0
  waitForVO: 1
  setSayDialog: {fileID: 0}
--- !u!114 &5178375791302988316
MonoBehaviour:
  m_ObjectHideFlags: 0
  m_CorrespondingSourceObject: {fileID: 0}
  m_PrefabInstance: {fileID: 0}
  m_PrefabAsset: {fileID: 0}
  m_GameObject: {fileID: 6897192636182571503}
  m_Enabled: 1
  m_EditorHideFlags: 0
  m_Script: {fileID: 11500000, guid: ec422cd568a9c4a31ad7c36d0572b9da, type: 3}
  m_Name: 
  m_EditorClassIdentifier: 
  itemId: 37
  indentLevel: 0
  storyText: "I want to know how Cain overcome his grieve\u2026"
  description: 
  character: {fileID: 0}
  portrait: {fileID: 0}
  voiceOverClip: {fileID: 8300000, guid: 4a18abdeeb431f34baeaf4626025a7ae, type: 3}
  showAlways: 1
  showCount: 1
  extendPrevious: 0
  fadeWhenDone: 0
  waitForClick: 0
  stopVoiceover: 0
  waitForVO: 1
  setSayDialog: {fileID: 0}
--- !u!114 &4396966373985142475
MonoBehaviour:
  m_ObjectHideFlags: 0
  m_CorrespondingSourceObject: {fileID: 0}
  m_PrefabInstance: {fileID: 0}
  m_PrefabAsset: {fileID: 0}
  m_GameObject: {fileID: 6897192636182571503}
  m_Enabled: 1
  m_EditorHideFlags: 0
  m_Script: {fileID: 11500000, guid: ec422cd568a9c4a31ad7c36d0572b9da, type: 3}
  m_Name: 
  m_EditorClassIdentifier: 
  itemId: 38
  indentLevel: 0
  storyText: "No, I want to know how Cain's journey goes\u2026"
  description: 
  character: {fileID: 0}
  portrait: {fileID: 0}
  voiceOverClip: {fileID: 8300000, guid: cb283efad47bccc42b899fed6569c8df, type: 3}
  showAlways: 1
  showCount: 1
  extendPrevious: 0
  fadeWhenDone: 0
  waitForClick: 0
  stopVoiceover: 0
  waitForVO: 1
  setSayDialog: {fileID: 0}
--- !u!114 &6305821561855047571
MonoBehaviour:
  m_ObjectHideFlags: 0
  m_CorrespondingSourceObject: {fileID: 0}
  m_PrefabInstance: {fileID: 0}
  m_PrefabAsset: {fileID: 0}
  m_GameObject: {fileID: 6897192636182571503}
  m_Enabled: 1
  m_EditorHideFlags: 0
  m_Script: {fileID: 11500000, guid: ec422cd568a9c4a31ad7c36d0572b9da, type: 3}
  m_Name: 
  m_EditorClassIdentifier: 
  itemId: 39
  indentLevel: 0
  storyText: We can read another book next time.
  description: 
  character: {fileID: 0}
  portrait: {fileID: 0}
  voiceOverClip: {fileID: 8300000, guid: 9e1a94577edb62b479e06d857e6062a8, type: 3}
  showAlways: 1
  showCount: 1
  extendPrevious: 0
  fadeWhenDone: 0
  waitForClick: 0
  stopVoiceover: 0
  waitForVO: 1
  setSayDialog: {fileID: 0}
--- !u!114 &4782526176654956971
MonoBehaviour:
  m_ObjectHideFlags: 0
  m_CorrespondingSourceObject: {fileID: 0}
  m_PrefabInstance: {fileID: 0}
  m_PrefabAsset: {fileID: 0}
  m_GameObject: {fileID: 6897192636182571503}
  m_Enabled: 1
  m_EditorHideFlags: 0
  m_Script: {fileID: 11500000, guid: 3315ad2ebb85443909a1203d56d9344e, type: 3}
  m_Name: 
  m_EditorClassIdentifier: 
  itemId: 55
  indentLevel: 0
  _duration:
    floatRef: {fileID: 0}
    floatVal: 0
  durationOLD: 0
--- !u!114 &4542169168574002210
MonoBehaviour:
  m_ObjectHideFlags: 0
  m_CorrespondingSourceObject: {fileID: 0}
  m_PrefabInstance: {fileID: 0}
  m_PrefabAsset: {fileID: 0}
  m_GameObject: {fileID: 6897192636182571503}
  m_Enabled: 1
  m_EditorHideFlags: 0
  m_Script: {fileID: 11500000, guid: 3315ad2ebb85443909a1203d56d9344e, type: 3}
  m_Name: 
  m_EditorClassIdentifier: 
  itemId: 58
  indentLevel: 0
  _duration:
    floatRef: {fileID: 0}
    floatVal: 0
  durationOLD: 0
--- !u!114 &3527713980144980064
MonoBehaviour:
  m_ObjectHideFlags: 0
  m_CorrespondingSourceObject: {fileID: 0}
  m_PrefabInstance: {fileID: 0}
  m_PrefabAsset: {fileID: 0}
  m_GameObject: {fileID: 6897192636182571503}
  m_Enabled: 1
  m_EditorHideFlags: 0
  m_Script: {fileID: 11500000, guid: 3315ad2ebb85443909a1203d56d9344e, type: 3}
  m_Name: 
  m_EditorClassIdentifier: 
  itemId: 59
  indentLevel: 0
  _duration:
    floatRef: {fileID: 0}
    floatVal: 0
  durationOLD: 0
--- !u!114 &7525763479311187850
MonoBehaviour:
  m_ObjectHideFlags: 0
  m_CorrespondingSourceObject: {fileID: 0}
  m_PrefabInstance: {fileID: 0}
  m_PrefabAsset: {fileID: 0}
  m_GameObject: {fileID: 6897192636182571503}
  m_Enabled: 1
  m_EditorHideFlags: 0
  m_Script: {fileID: 11500000, guid: 3315ad2ebb85443909a1203d56d9344e, type: 3}
  m_Name: 
  m_EditorClassIdentifier: 
  itemId: 60
  indentLevel: 0
  _duration:
    floatRef: {fileID: 0}
    floatVal: 0
  durationOLD: 0
--- !u!114 &5890207784456496391
MonoBehaviour:
  m_ObjectHideFlags: 0
  m_CorrespondingSourceObject: {fileID: 0}
  m_PrefabInstance: {fileID: 0}
  m_PrefabAsset: {fileID: 0}
  m_GameObject: {fileID: 6897192636182571503}
  m_Enabled: 1
  m_EditorHideFlags: 0
  m_Script: {fileID: 11500000, guid: ec422cd568a9c4a31ad7c36d0572b9da, type: 3}
  m_Name: 
  m_EditorClassIdentifier: 
  itemId: 62
  indentLevel: 0
  storyText: "Mom\u2026"
  description: 
  character: {fileID: 0}
  portrait: {fileID: 0}
  voiceOverClip: {fileID: 8300000, guid: 6c7407f08135ecb4fa8a10cfaf4ce6d7, type: 3}
  showAlways: 1
  showCount: 1
  extendPrevious: 0
  fadeWhenDone: 0
  waitForClick: 0
  stopVoiceover: 0
  waitForVO: 1
  setSayDialog: {fileID: 0}
--- !u!114 &3636243387830780604
MonoBehaviour:
  m_ObjectHideFlags: 0
  m_CorrespondingSourceObject: {fileID: 0}
  m_PrefabInstance: {fileID: 0}
  m_PrefabAsset: {fileID: 0}
  m_GameObject: {fileID: 6897192636182571503}
  m_Enabled: 1
  m_EditorHideFlags: 0
  m_Script: {fileID: 11500000, guid: ec422cd568a9c4a31ad7c36d0572b9da, type: 3}
  m_Name: 
  m_EditorClassIdentifier: 
  itemId: 63
  indentLevel: 0
  storyText: "alright\u2026"
  description: 
  character: {fileID: 0}
  portrait: {fileID: 0}
  voiceOverClip: {fileID: 8300000, guid: 92ed7e18fed081842a5217e1125497e0, type: 3}
  showAlways: 1
  showCount: 1
  extendPrevious: 0
  fadeWhenDone: 0
  waitForClick: 0
  stopVoiceover: 0
  waitForVO: 1
  setSayDialog: {fileID: 0}
--- !u!114 &6403033975135002232
MonoBehaviour:
  m_ObjectHideFlags: 0
  m_CorrespondingSourceObject: {fileID: 0}
  m_PrefabInstance: {fileID: 0}
  m_PrefabAsset: {fileID: 0}
  m_GameObject: {fileID: 6897192636182571503}
  m_Enabled: 1
  m_EditorHideFlags: 0
  m_Script: {fileID: 11500000, guid: ec422cd568a9c4a31ad7c36d0572b9da, type: 3}
  m_Name: 
  m_EditorClassIdentifier: 
  itemId: 64
  indentLevel: 0
  storyText: "Um\u2026 they're in the better place, I think."
  description: 
  character: {fileID: 0}
  portrait: {fileID: 0}
  voiceOverClip: {fileID: 8300000, guid: aed0c1dd8c0152c44bdff77d2ec68cb1, type: 3}
  showAlways: 1
  showCount: 1
  extendPrevious: 0
  fadeWhenDone: 0
  waitForClick: 0
  stopVoiceover: 0
  waitForVO: 1
  setSayDialog: {fileID: 0}
--- !u!114 &4764167103132894176
MonoBehaviour:
  m_ObjectHideFlags: 0
  m_CorrespondingSourceObject: {fileID: 0}
  m_PrefabInstance: {fileID: 0}
  m_PrefabAsset: {fileID: 0}
  m_GameObject: {fileID: 6897192636182571503}
  m_Enabled: 1
  m_EditorHideFlags: 0
  m_Script: {fileID: 11500000, guid: ec422cd568a9c4a31ad7c36d0572b9da, type: 3}
  m_Name: 
  m_EditorClassIdentifier: 
  itemId: 65
  indentLevel: 0
  storyText: "It was because\u2026"
  description: 
  character: {fileID: 0}
  portrait: {fileID: 0}
  voiceOverClip: {fileID: 8300000, guid: ab1854b4b65daab4e8c89dba27f6dfca, type: 3}
  showAlways: 1
  showCount: 1
  extendPrevious: 0
  fadeWhenDone: 0
  waitForClick: 0
  stopVoiceover: 0
  waitForVO: 1
  setSayDialog: {fileID: 0}
--- !u!114 &2420854597140401723
MonoBehaviour:
  m_ObjectHideFlags: 0
  m_CorrespondingSourceObject: {fileID: 0}
  m_PrefabInstance: {fileID: 0}
  m_PrefabAsset: {fileID: 0}
  m_GameObject: {fileID: 6897192636182571503}
  m_Enabled: 1
  m_EditorHideFlags: 0
  m_Script: {fileID: 11500000, guid: ec422cd568a9c4a31ad7c36d0572b9da, type: 3}
  m_Name: 
  m_EditorClassIdentifier: 
  itemId: 66
  indentLevel: 0
  storyText: Why do people have to die?
  description: 
  character: {fileID: 0}
  portrait: {fileID: 0}
  voiceOverClip: {fileID: 8300000, guid: 0a1fe59d2d184f2499bb15bd7e89c1c0, type: 3}
  showAlways: 1
  showCount: 1
  extendPrevious: 0
  fadeWhenDone: 0
  waitForClick: 0
  stopVoiceover: 0
  waitForVO: 1
  setSayDialog: {fileID: 0}
--- !u!114 &2601752078363531611
MonoBehaviour:
  m_ObjectHideFlags: 0
  m_CorrespondingSourceObject: {fileID: 0}
  m_PrefabInstance: {fileID: 0}
  m_PrefabAsset: {fileID: 0}
  m_GameObject: {fileID: 6897192636182571503}
  m_Enabled: 1
  m_EditorHideFlags: 0
  m_Script: {fileID: 11500000, guid: ec422cd568a9c4a31ad7c36d0572b9da, type: 3}
  m_Name: 
  m_EditorClassIdentifier: 
  itemId: 67
  indentLevel: 0
  storyText: Let's find the answer together!
  description: 
  character: {fileID: 0}
  portrait: {fileID: 0}
  voiceOverClip: {fileID: 8300000, guid: 688d65cc7ebb457429a5f8ae01017848, type: 3}
  showAlways: 1
  showCount: 1
  extendPrevious: 0
  fadeWhenDone: 1
  waitForClick: 0
  stopVoiceover: 0
  waitForVO: 1
  setSayDialog: {fileID: 0}
--- !u!114 &7877000051277479767
MonoBehaviour:
  m_ObjectHideFlags: 0
  m_CorrespondingSourceObject: {fileID: 0}
  m_PrefabInstance: {fileID: 0}
  m_PrefabAsset: {fileID: 0}
  m_GameObject: {fileID: 6897192636182571503}
  m_Enabled: 1
  m_EditorHideFlags: 0
  m_Script: {fileID: 11500000, guid: ec422cd568a9c4a31ad7c36d0572b9da, type: 3}
  m_Name: 
  m_EditorClassIdentifier: 
  itemId: 68
  indentLevel: 0
  storyText: But you're a smart kid, I believe, one day you'll have your answer.
  description: 
  character: {fileID: 0}
  portrait: {fileID: 0}
  voiceOverClip: {fileID: 8300000, guid: 06ebbca25ce92e24f9d4be4f99b5a5f9, type: 3}
  showAlways: 1
  showCount: 1
  extendPrevious: 0
  fadeWhenDone: 1
  waitForClick: 0
  stopVoiceover: 0
  waitForVO: 1
  setSayDialog: {fileID: 0}
--- !u!114 &9113040956406660130
MonoBehaviour:
  m_ObjectHideFlags: 0
  m_CorrespondingSourceObject: {fileID: 0}
  m_PrefabInstance: {fileID: 0}
  m_PrefabAsset: {fileID: 0}
  m_GameObject: {fileID: 6897192636182571503}
  m_Enabled: 1
  m_EditorHideFlags: 0
  m_Script: {fileID: 11500000, guid: ec422cd568a9c4a31ad7c36d0572b9da, type: 3}
  m_Name: 
  m_EditorClassIdentifier: 
  itemId: 69
  indentLevel: 0
  storyText: "They said because this and that, and mom just accept it\u2026"
  description: 
  character: {fileID: 0}
  portrait: {fileID: 0}
  voiceOverClip: {fileID: 8300000, guid: f34a1e7dad153a24f8db81ba0f82eb65, type: 3}
  showAlways: 1
  showCount: 1
  extendPrevious: 0
  fadeWhenDone: 1
  waitForClick: 0
  stopVoiceover: 0
  waitForVO: 1
  setSayDialog: {fileID: 0}
--- !u!114 &7945135951135447957
MonoBehaviour:
  m_ObjectHideFlags: 0
  m_CorrespondingSourceObject: {fileID: 0}
  m_PrefabInstance: {fileID: 0}
  m_PrefabAsset: {fileID: 0}
  m_GameObject: {fileID: 6897192636182571503}
  m_Enabled: 1
  m_EditorHideFlags: 0
  m_Script: {fileID: 11500000, guid: ec422cd568a9c4a31ad7c36d0572b9da, type: 3}
  m_Name: 
  m_EditorClassIdentifier: 
  itemId: 70
  indentLevel: 0
  storyText: "Actually\u2026 Mom doesn't know either, why people have to die."
  description: 
  character: {fileID: 0}
  portrait: {fileID: 0}
  voiceOverClip: {fileID: 8300000, guid: cdeb953a991c06747956e020ed07d4e4, type: 3}
  showAlways: 1
  showCount: 1
  extendPrevious: 0
  fadeWhenDone: 1
  waitForClick: 0
  stopVoiceover: 0
  waitForVO: 1
  setSayDialog: {fileID: 0}
--- !u!114 &6154418685841260748
MonoBehaviour:
  m_ObjectHideFlags: 0
  m_CorrespondingSourceObject: {fileID: 0}
  m_PrefabInstance: {fileID: 0}
  m_PrefabAsset: {fileID: 0}
  m_GameObject: {fileID: 6897192636182571503}
  m_Enabled: 1
  m_EditorHideFlags: 0
  m_Script: {fileID: 11500000, guid: ec422cd568a9c4a31ad7c36d0572b9da, type: 3}
  m_Name: 
  m_EditorClassIdentifier: 
  itemId: 71
  indentLevel: 0
  storyText: "A what? No\u2026 No, dear. That's not what I mean\u2026."
  description: 
  character: {fileID: 0}
  portrait: {fileID: 0}
  voiceOverClip: {fileID: 8300000, guid: bbce77e79312c4640a0394d3fc5e7937, type: 3}
  showAlways: 1
  showCount: 1
  extendPrevious: 0
  fadeWhenDone: 1
  waitForClick: 0
  stopVoiceover: 0
  waitForVO: 1
  setSayDialog: {fileID: 0}
--- !u!114 &647083969186628680
MonoBehaviour:
  m_ObjectHideFlags: 0
  m_CorrespondingSourceObject: {fileID: 0}
  m_PrefabInstance: {fileID: 0}
  m_PrefabAsset: {fileID: 0}
  m_GameObject: {fileID: 6897192636182571503}
  m_Enabled: 1
  m_EditorHideFlags: 0
  m_Script: {fileID: 11500000, guid: ec422cd568a9c4a31ad7c36d0572b9da, type: 3}
  m_Name: 
  m_EditorClassIdentifier: 
  itemId: 72
  indentLevel: 0
  storyText: A place where granpop can't be with me?
  description: 
  character: {fileID: 0}
  portrait: {fileID: 0}
  voiceOverClip: {fileID: 8300000, guid: 065dae269400b35429cf95b8be1810fe, type: 3}
  showAlways: 1
  showCount: 1
  extendPrevious: 0
  fadeWhenDone: 0
  waitForClick: 0
  stopVoiceover: 0
  waitForVO: 1
  setSayDialog: {fileID: 0}
--- !u!114 &1863346322723521100
MonoBehaviour:
  m_ObjectHideFlags: 0
  m_CorrespondingSourceObject: {fileID: 0}
  m_PrefabInstance: {fileID: 0}
  m_PrefabAsset: {fileID: 0}
  m_GameObject: {fileID: 6897192636182571503}
  m_Enabled: 1
  m_EditorHideFlags: 0
  m_Script: {fileID: 11500000, guid: 3315ad2ebb85443909a1203d56d9344e, type: 3}
  m_Name: 
  m_EditorClassIdentifier: 
  itemId: 73
  indentLevel: 0
  _duration:
    floatRef: {fileID: 0}
    floatVal: 0
  durationOLD: 0
--- !u!114 &8424538615127259565
MonoBehaviour:
  m_ObjectHideFlags: 0
  m_CorrespondingSourceObject: {fileID: 0}
  m_PrefabInstance: {fileID: 0}
  m_PrefabAsset: {fileID: 0}
  m_GameObject: {fileID: 6897192636182571503}
  m_Enabled: 1
  m_EditorHideFlags: 0
  m_Script: {fileID: 11500000, guid: 3315ad2ebb85443909a1203d56d9344e, type: 3}
  m_Name: 
  m_EditorClassIdentifier: 
  itemId: 74
  indentLevel: 0
  _duration:
    floatRef: {fileID: 0}
    floatVal: 1
  durationOLD: 0
--- !u!114 &8780100515669042867
MonoBehaviour:
  m_ObjectHideFlags: 0
  m_CorrespondingSourceObject: {fileID: 0}
  m_PrefabInstance: {fileID: 0}
  m_PrefabAsset: {fileID: 0}
  m_GameObject: {fileID: 6897192636182571503}
  m_Enabled: 1
  m_EditorHideFlags: 0
  m_Script: {fileID: 11500000, guid: 3315ad2ebb85443909a1203d56d9344e, type: 3}
  m_Name: 
  m_EditorClassIdentifier: 
  itemId: 75
  indentLevel: 0
  _duration:
    floatRef: {fileID: 0}
    floatVal: 1
  durationOLD: 0
--- !u!114 &5996070677176216729
MonoBehaviour:
  m_ObjectHideFlags: 0
  m_CorrespondingSourceObject: {fileID: 0}
  m_PrefabInstance: {fileID: 0}
  m_PrefabAsset: {fileID: 0}
  m_GameObject: {fileID: 6897192636182571503}
  m_Enabled: 1
  m_EditorHideFlags: 0
  m_Script: {fileID: 11500000, guid: 3315ad2ebb85443909a1203d56d9344e, type: 3}
  m_Name: 
  m_EditorClassIdentifier: 
  itemId: 76
  indentLevel: 0
  _duration:
    floatRef: {fileID: 0}
    floatVal: 1
  durationOLD: 0
--- !u!114 &1812656272306908207
MonoBehaviour:
  m_ObjectHideFlags: 0
  m_CorrespondingSourceObject: {fileID: 0}
  m_PrefabInstance: {fileID: 0}
  m_PrefabAsset: {fileID: 0}
  m_GameObject: {fileID: 6897192636182571503}
  m_Enabled: 1
  m_EditorHideFlags: 0
  m_Script: {fileID: 11500000, guid: 3315ad2ebb85443909a1203d56d9344e, type: 3}
  m_Name: 
  m_EditorClassIdentifier: 
  itemId: 77
  indentLevel: 0
  _duration:
    floatRef: {fileID: 0}
    floatVal: 0
  durationOLD: 0
--- !u!114 &8898927806860276195
MonoBehaviour:
  m_ObjectHideFlags: 0
  m_CorrespondingSourceObject: {fileID: 0}
  m_PrefabInstance: {fileID: 0}
  m_PrefabAsset: {fileID: 0}
  m_GameObject: {fileID: 6897192636182571503}
  m_Enabled: 1
  m_EditorHideFlags: 0
  m_Script: {fileID: 11500000, guid: 3315ad2ebb85443909a1203d56d9344e, type: 3}
  m_Name: 
  m_EditorClassIdentifier: 
  itemId: 78
  indentLevel: 0
  _duration:
    floatRef: {fileID: 0}
    floatVal: 1
  durationOLD: 0
--- !u!114 &4506614989710731358
MonoBehaviour:
  m_ObjectHideFlags: 0
  m_CorrespondingSourceObject: {fileID: 0}
  m_PrefabInstance: {fileID: 0}
  m_PrefabAsset: {fileID: 0}
  m_GameObject: {fileID: 6897192636182571503}
  m_Enabled: 1
  m_EditorHideFlags: 0
  m_Script: {fileID: 11500000, guid: 3315ad2ebb85443909a1203d56d9344e, type: 3}
  m_Name: 
  m_EditorClassIdentifier: 
  itemId: 79
  indentLevel: 0
  _duration:
    floatRef: {fileID: 0}
    floatVal: 0
  durationOLD: 0
--- !u!114 &3993118058305835868
MonoBehaviour:
  m_ObjectHideFlags: 0
  m_CorrespondingSourceObject: {fileID: 0}
  m_PrefabInstance: {fileID: 0}
  m_PrefabAsset: {fileID: 0}
  m_GameObject: {fileID: 6897192636182571503}
  m_Enabled: 1
  m_EditorHideFlags: 0
  m_Script: {fileID: 11500000, guid: 3315ad2ebb85443909a1203d56d9344e, type: 3}
  m_Name: 
  m_EditorClassIdentifier: 
  itemId: 81
  indentLevel: 0
  _duration:
    floatRef: {fileID: 0}
    floatVal: 1
  durationOLD: 0
--- !u!114 &6094823381064650479
MonoBehaviour:
  m_ObjectHideFlags: 0
  m_CorrespondingSourceObject: {fileID: 0}
  m_PrefabInstance: {fileID: 0}
  m_PrefabAsset: {fileID: 0}
  m_GameObject: {fileID: 6897192636182571503}
  m_Enabled: 1
  m_EditorHideFlags: 0
  m_Script: {fileID: 11500000, guid: 3315ad2ebb85443909a1203d56d9344e, type: 3}
  m_Name: 
  m_EditorClassIdentifier: 
  itemId: 83
  indentLevel: 0
  _duration:
    floatRef: {fileID: 0}
    floatVal: 2
  durationOLD: 0
--- !u!114 &4422876040120860614
MonoBehaviour:
  m_ObjectHideFlags: 0
  m_CorrespondingSourceObject: {fileID: 0}
  m_PrefabInstance: {fileID: 0}
  m_PrefabAsset: {fileID: 0}
  m_GameObject: {fileID: 6897192636182571503}
  m_Enabled: 1
  m_EditorHideFlags: 0
  m_Script: {fileID: 11500000, guid: 3315ad2ebb85443909a1203d56d9344e, type: 3}
  m_Name: 
  m_EditorClassIdentifier: 
  itemId: 84
  indentLevel: 0
  _duration:
    floatRef: {fileID: 0}
    floatVal: 0
  durationOLD: 0
--- !u!114 &8219799332395750028
MonoBehaviour:
  m_ObjectHideFlags: 0
  m_CorrespondingSourceObject: {fileID: 0}
  m_PrefabInstance: {fileID: 0}
  m_PrefabAsset: {fileID: 0}
  m_GameObject: {fileID: 6897192636182571503}
  m_Enabled: 1
  m_EditorHideFlags: 0
  m_Script: {fileID: 11500000, guid: ea6e8f632db87477eb750446b28d73a3, type: 3}
  m_Name: 
  m_EditorClassIdentifier: 
  itemId: 85
  indentLevel: 0
  commenterName: 
  commentText: '* click* lampu kamar dimatikan* '
--- !u!114 &2225377343077032220
MonoBehaviour:
  m_ObjectHideFlags: 0
  m_CorrespondingSourceObject: {fileID: 0}
  m_PrefabInstance: {fileID: 0}
  m_PrefabAsset: {fileID: 0}
  m_GameObject: {fileID: 6897192636182571503}
  m_Enabled: 1
  m_EditorHideFlags: 0
  m_Script: {fileID: 11500000, guid: ea6e8f632db87477eb750446b28d73a3, type: 3}
  m_Name: 
  m_EditorClassIdentifier: 
  itemId: 86
  indentLevel: 0
  commenterName: 
  commentText: 1. Anak ngintip ibunya udah keluar kamar atau belum
--- !u!114 &5729870495473273045
MonoBehaviour:
  m_ObjectHideFlags: 0
  m_CorrespondingSourceObject: {fileID: 0}
  m_PrefabInstance: {fileID: 0}
  m_PrefabAsset: {fileID: 0}
  m_GameObject: {fileID: 6897192636182571503}
  m_Enabled: 1
  m_EditorHideFlags: 0
  m_Script: {fileID: 11500000, guid: ea6e8f632db87477eb750446b28d73a3, type: 3}
  m_Name: 
  m_EditorClassIdentifier: 
  itemId: 87
  indentLevel: 0
  commenterName: 
  commentText: 'Montage '
--- !u!114 &920956846562370074
MonoBehaviour:
  m_ObjectHideFlags: 0
  m_CorrespondingSourceObject: {fileID: 0}
  m_PrefabInstance: {fileID: 0}
  m_PrefabAsset: {fileID: 0}
  m_GameObject: {fileID: 6897192636182571503}
  m_Enabled: 1
  m_EditorHideFlags: 0
  m_Script: {fileID: 11500000, guid: ea6e8f632db87477eb750446b28d73a3, type: 3}
  m_Name: 
  m_EditorClassIdentifier: 
  itemId: 88
  indentLevel: 0
  commenterName: 
  commentText: 
--- !u!114 &4001752927533881489
MonoBehaviour:
  m_ObjectHideFlags: 0
  m_CorrespondingSourceObject: {fileID: 0}
  m_PrefabInstance: {fileID: 0}
  m_PrefabAsset: {fileID: 0}
  m_GameObject: {fileID: 6897192636182571503}
  m_Enabled: 1
  m_EditorHideFlags: 0
  m_Script: {fileID: 11500000, guid: ea6e8f632db87477eb750446b28d73a3, type: 3}
  m_Name: 
  m_EditorClassIdentifier: 
  itemId: 89
  indentLevel: 0
  commenterName: 
  commentText: 3. anak jinjit ambil buku di atas meja
--- !u!114 &8023078358043122688
MonoBehaviour:
  m_ObjectHideFlags: 0
  m_CorrespondingSourceObject: {fileID: 0}
  m_PrefabInstance: {fileID: 0}
  m_PrefabAsset: {fileID: 0}
  m_GameObject: {fileID: 6897192636182571503}
  m_Enabled: 1
  m_EditorHideFlags: 0
  m_Script: {fileID: 11500000, guid: ea6e8f632db87477eb750446b28d73a3, type: 3}
  m_Name: 
  m_EditorClassIdentifier: 
  itemId: 90
  indentLevel: 0
  commenterName: 
  commentText: 2. anak turun dari ranjang
--- !u!114 &5698820039441764866
MonoBehaviour:
  m_ObjectHideFlags: 0
  m_CorrespondingSourceObject: {fileID: 0}
  m_PrefabInstance: {fileID: 0}
  m_PrefabAsset: {fileID: 0}
  m_GameObject: {fileID: 6897192636182571503}
  m_Enabled: 1
  m_EditorHideFlags: 0
  m_Script: {fileID: 11500000, guid: ea6e8f632db87477eb750446b28d73a3, type: 3}
  m_Name: 
  m_EditorClassIdentifier: 
  itemId: 91
  indentLevel: 0
  commenterName: 
  commentText: 4. anak duduk di depan jendela, manfaatin cahaya bulan, mantengin
    halaman buku
--- !u!114 &6511906554134612236
MonoBehaviour:
  m_ObjectHideFlags: 0
  m_CorrespondingSourceObject: {fileID: 0}
  m_PrefabInstance: {fileID: 0}
  m_PrefabAsset: {fileID: 0}
  m_GameObject: {fileID: 6897192636182571503}
  m_Enabled: 1
  m_EditorHideFlags: 0
  m_Script: {fileID: 11500000, guid: ec422cd568a9c4a31ad7c36d0572b9da, type: 3}
  m_Name: 
  m_EditorClassIdentifier: 
  itemId: 92
  indentLevel: 0
  storyText: Mom, did Cain finally find the Goddess in the end?
  description: 
  character: {fileID: 0}
  portrait: {fileID: 0}
  voiceOverClip: {fileID: 8300000, guid: b843cac94de8d9045b9f88c3bc823fc9, type: 3}
  showAlways: 1
  showCount: 1
  extendPrevious: 0
  fadeWhenDone: 1
  waitForClick: 0
  stopVoiceover: 0
  waitForVO: 1
  setSayDialog: {fileID: 0}
--- !u!114 &6012938708794500643
MonoBehaviour:
  m_ObjectHideFlags: 0
  m_CorrespondingSourceObject: {fileID: 0}
  m_PrefabInstance: {fileID: 0}
  m_PrefabAsset: {fileID: 0}
  m_GameObject: {fileID: 6897192636182571503}
  m_Enabled: 1
  m_EditorHideFlags: 0
  m_Script: {fileID: 11500000, guid: ec422cd568a9c4a31ad7c36d0572b9da, type: 3}
  m_Name: 
  m_EditorClassIdentifier: 
  itemId: 93
  indentLevel: 0
  storyText: Of course, love. Of course. It will be our little adventure.
  description: 
  character: {fileID: 0}
  portrait: {fileID: 0}
  voiceOverClip: {fileID: 8300000, guid: b19970eca98e82247964bf0362936b3f, type: 3}
  showAlways: 1
  showCount: 1
  extendPrevious: 0
  fadeWhenDone: 1
  waitForClick: 0
  stopVoiceover: 0
  waitForVO: 1
  setSayDialog: {fileID: 0}
--- !u!114 &8940567189276296154
MonoBehaviour:
  m_ObjectHideFlags: 0
  m_CorrespondingSourceObject: {fileID: 0}
  m_PrefabInstance: {fileID: 0}
  m_PrefabAsset: {fileID: 0}
  m_GameObject: {fileID: 6897192636182571503}
  m_Enabled: 1
  m_EditorHideFlags: 0
  m_Script: {fileID: 11500000, guid: ec422cd568a9c4a31ad7c36d0572b9da, type: 3}
  m_Name: 
  m_EditorClassIdentifier: 
  itemId: 94
  indentLevel: 0
  storyText: "Cain\u2019s odyssey is quite a long journey to tell in a single night,
    love, and it\u2019s getting late. I'll put your granpa's book here for now, and
    you, mister, you need to sleep"
  description: 
  character: {fileID: 0}
  portrait: {fileID: 0}
  voiceOverClip: {fileID: 8300000, guid: 315520dd2ec7a9247a3c8c7f574901be, type: 3}
  showAlways: 1
  showCount: 1
  extendPrevious: 0
  fadeWhenDone: 0
  waitForClick: 0
  stopVoiceover: 0
  waitForVO: 1
  setSayDialog: {fileID: 0}
--- !u!114 &944648449385278012
MonoBehaviour:
  m_ObjectHideFlags: 0
  m_CorrespondingSourceObject: {fileID: 0}
  m_PrefabInstance: {fileID: 0}
  m_PrefabAsset: {fileID: 0}
  m_GameObject: {fileID: 6897192636182571503}
  m_Enabled: 1
  m_EditorHideFlags: 0
  m_Script: {fileID: 11500000, guid: ec422cd568a9c4a31ad7c36d0572b9da, type: 3}
  m_Name: 
  m_EditorClassIdentifier: 
  itemId: 95
  indentLevel: 0
  storyText: "Okay, mommy\u2026 Good night."
  description: 
  character: {fileID: 0}
  portrait: {fileID: 0}
  voiceOverClip: {fileID: 8300000, guid: 6f977e4c55ed27c47af2189918bccc63, type: 3}
  showAlways: 1
  showCount: 1
  extendPrevious: 0
  fadeWhenDone: 0
  waitForClick: 0
  stopVoiceover: 0
  waitForVO: 1
  setSayDialog: {fileID: 0}
--- !u!114 &1836671539800651438
MonoBehaviour:
  m_ObjectHideFlags: 0
  m_CorrespondingSourceObject: {fileID: 0}
  m_PrefabInstance: {fileID: 0}
  m_PrefabAsset: {fileID: 0}
  m_GameObject: {fileID: 6897192636182571503}
  m_Enabled: 1
  m_EditorHideFlags: 0
  m_Script: {fileID: 11500000, guid: ec422cd568a9c4a31ad7c36d0572b9da, type: 3}
  m_Name: 
  m_EditorClassIdentifier: 
  itemId: 96
  indentLevel: 0
  storyText: Good night, love. Have a sweet dream.
  description: 
  character: {fileID: 0}
  portrait: {fileID: 0}
  voiceOverClip: {fileID: 8300000, guid: 978da7a58a40dfb46ad570bf7dd9e3ff, type: 3}
  showAlways: 1
  showCount: 1
  extendPrevious: 0
  fadeWhenDone: 1
  waitForClick: 0
  stopVoiceover: 0
  waitForVO: 1
  setSayDialog: {fileID: 0}
--- !u!114 &2816074884874797476
MonoBehaviour:
  m_ObjectHideFlags: 0
  m_CorrespondingSourceObject: {fileID: 0}
  m_PrefabInstance: {fileID: 0}
  m_PrefabAsset: {fileID: 0}
  m_GameObject: {fileID: 6897192636182571503}
  m_Enabled: 1
  m_EditorHideFlags: 0
  m_Script: {fileID: 11500000, guid: 3315ad2ebb85443909a1203d56d9344e, type: 3}
  m_Name: 
  m_EditorClassIdentifier: 
  itemId: 97
  indentLevel: 0
  _duration:
    floatRef: {fileID: 0}
    floatVal: 0
  durationOLD: 0
--- !u!114 &8433499909357617461
MonoBehaviour:
  m_ObjectHideFlags: 0
  m_CorrespondingSourceObject: {fileID: 0}
  m_PrefabInstance: {fileID: 0}
  m_PrefabAsset: {fileID: 0}
  m_GameObject: {fileID: 6897192636182571503}
  m_Enabled: 1
  m_EditorHideFlags: 0
  m_Script: {fileID: 11500000, guid: 3315ad2ebb85443909a1203d56d9344e, type: 3}
  m_Name: 
  m_EditorClassIdentifier: 
  itemId: 98
  indentLevel: 0
  _duration:
    floatRef: {fileID: 0}
    floatVal: 2
  durationOLD: 0
--- !u!114 &2608514241245952354
MonoBehaviour:
  m_ObjectHideFlags: 0
  m_CorrespondingSourceObject: {fileID: 0}
  m_PrefabInstance: {fileID: 0}
  m_PrefabAsset: {fileID: 0}
  m_GameObject: {fileID: 6897192636182571503}
  m_Enabled: 1
  m_EditorHideFlags: 0
  m_Script: {fileID: 11500000, guid: 3315ad2ebb85443909a1203d56d9344e, type: 3}
  m_Name: 
  m_EditorClassIdentifier: 
  itemId: 99
  indentLevel: 0
  _duration:
    floatRef: {fileID: 0}
    floatVal: 1
  durationOLD: 0
--- !u!114 &9136251757327785748
MonoBehaviour:
  m_ObjectHideFlags: 0
  m_CorrespondingSourceObject: {fileID: 0}
  m_PrefabInstance: {fileID: 0}
  m_PrefabAsset: {fileID: 0}
  m_GameObject: {fileID: 6897192636182571503}
  m_Enabled: 1
  m_EditorHideFlags: 0
  m_Script: {fileID: 11500000, guid: 3315ad2ebb85443909a1203d56d9344e, type: 3}
  m_Name: 
  m_EditorClassIdentifier: 
  itemId: 100
  indentLevel: 0
  _duration:
    floatRef: {fileID: 0}
    floatVal: 10
  durationOLD: 0
--- !u!114 &66851893371564071
MonoBehaviour:
  m_ObjectHideFlags: 0
  m_CorrespondingSourceObject: {fileID: 0}
  m_PrefabInstance: {fileID: 0}
  m_PrefabAsset: {fileID: 0}
  m_GameObject: {fileID: 6897192636182571503}
  m_Enabled: 1
  m_EditorHideFlags: 0
  m_Script: {fileID: 11500000, guid: 3315ad2ebb85443909a1203d56d9344e, type: 3}
  m_Name: 
  m_EditorClassIdentifier: 
  itemId: 101
  indentLevel: 0
  _duration:
    floatRef: {fileID: 0}
    floatVal: 1
  durationOLD: 0
--- !u!114 &4113137555708500557
MonoBehaviour:
  m_ObjectHideFlags: 0
  m_CorrespondingSourceObject: {fileID: 0}
  m_PrefabInstance: {fileID: 0}
  m_PrefabAsset: {fileID: 0}
  m_GameObject: {fileID: 6897192636182571503}
  m_Enabled: 1
  m_EditorHideFlags: 0
  m_Script: {fileID: 11500000, guid: baeb426e1e92cd84cb3e73197952014f, type: 3}
  m_Name: 
  m_EditorClassIdentifier: 
  itemId: 103
  indentLevel: 0
  receiveInput: 0
--- !u!114 &4881138040367141997
MonoBehaviour:
  m_ObjectHideFlags: 0
  m_CorrespondingSourceObject: {fileID: 0}
  m_PrefabInstance: {fileID: 0}
  m_PrefabAsset: {fileID: 0}
  m_GameObject: {fileID: 6897192636182571503}
  m_Enabled: 1
  m_EditorHideFlags: 0
  m_Script: {fileID: 11500000, guid: baeb426e1e92cd84cb3e73197952014f, type: 3}
  m_Name: 
  m_EditorClassIdentifier: 
  itemId: 104
  indentLevel: 0
  receiveInput: 1
--- !u!114 &1373705784138952026
MonoBehaviour:
  m_ObjectHideFlags: 0
  m_CorrespondingSourceObject: {fileID: 0}
  m_PrefabInstance: {fileID: 0}
  m_PrefabAsset: {fileID: 0}
  m_GameObject: {fileID: 6897192636182571503}
  m_Enabled: 1
  m_EditorHideFlags: 0
  m_Script: {fileID: 11500000, guid: f78190bba0f01cb419143fc2c0faa414, type: 3}
  m_Name: 
  m_EditorClassIdentifier: 
  itemId: 105
  indentLevel: 0
  charName: Mom
  charExpression: IDC
  face: 0
--- !u!114 &1719911439273992649
MonoBehaviour:
  m_ObjectHideFlags: 0
  m_CorrespondingSourceObject: {fileID: 0}
  m_PrefabInstance: {fileID: 0}
  m_PrefabAsset: {fileID: 0}
  m_GameObject: {fileID: 6897192636182571503}
  m_Enabled: 1
  m_EditorHideFlags: 0
  m_Script: {fileID: 11500000, guid: f78190bba0f01cb419143fc2c0faa414, type: 3}
  m_Name: 
  m_EditorClassIdentifier: 
  itemId: 106
  indentLevel: 0
  charName: Child
  charExpression: Cry
  face: 1
--- !u!114 &9196288192492310391
MonoBehaviour:
  m_ObjectHideFlags: 0
  m_CorrespondingSourceObject: {fileID: 0}
  m_PrefabInstance: {fileID: 0}
  m_PrefabAsset: {fileID: 0}
  m_GameObject: {fileID: 6897192636182571503}
  m_Enabled: 1
  m_EditorHideFlags: 0
  m_Script: {fileID: 11500000, guid: f78190bba0f01cb419143fc2c0faa414, type: 3}
  m_Name: 
  m_EditorClassIdentifier: 
  itemId: 107
  indentLevel: 0
  charName: Child
  charExpression: Confused
  face: 1
--- !u!114 &8103773920415224927
MonoBehaviour:
  m_ObjectHideFlags: 0
  m_CorrespondingSourceObject: {fileID: 0}
  m_PrefabInstance: {fileID: 0}
  m_PrefabAsset: {fileID: 0}
  m_GameObject: {fileID: 6897192636182571503}
  m_Enabled: 1
  m_EditorHideFlags: 0
  m_Script: {fileID: 11500000, guid: f78190bba0f01cb419143fc2c0faa414, type: 3}
  m_Name: 
  m_EditorClassIdentifier: 
  itemId: 108
  indentLevel: 0
  charName: Child
  charExpression: Cry
  face: 1
--- !u!114 &7767005861561777303
MonoBehaviour:
  m_ObjectHideFlags: 0
  m_CorrespondingSourceObject: {fileID: 0}
  m_PrefabInstance: {fileID: 0}
  m_PrefabAsset: {fileID: 0}
  m_GameObject: {fileID: 6897192636182571503}
  m_Enabled: 1
  m_EditorHideFlags: 0
  m_Script: {fileID: 11500000, guid: f78190bba0f01cb419143fc2c0faa414, type: 3}
  m_Name: 
  m_EditorClassIdentifier: 
  itemId: 109
  indentLevel: 0
  charName: Mom
  charExpression: Confused
  face: 0
--- !u!114 &4749813634734624859
MonoBehaviour:
  m_ObjectHideFlags: 0
  m_CorrespondingSourceObject: {fileID: 0}
  m_PrefabInstance: {fileID: 0}
  m_PrefabAsset: {fileID: 0}
  m_GameObject: {fileID: 6897192636182571503}
  m_Enabled: 1
  m_EditorHideFlags: 0
  m_Script: {fileID: 11500000, guid: f78190bba0f01cb419143fc2c0faa414, type: 3}
  m_Name: 
  m_EditorClassIdentifier: 
  itemId: 110
  indentLevel: 0
  charName: Child
  charExpression: Cry
  face: 1
--- !u!114 &7733480464707583739
MonoBehaviour:
  m_ObjectHideFlags: 0
  m_CorrespondingSourceObject: {fileID: 0}
  m_PrefabInstance: {fileID: 0}
  m_PrefabAsset: {fileID: 0}
  m_GameObject: {fileID: 6897192636182571503}
  m_Enabled: 1
  m_EditorHideFlags: 0
  m_Script: {fileID: 11500000, guid: f78190bba0f01cb419143fc2c0faa414, type: 3}
  m_Name: 
  m_EditorClassIdentifier: 
  itemId: 111
  indentLevel: 0
  charName: Child
  charExpression: Cry
  face: 1
--- !u!114 &6664586063128475306
MonoBehaviour:
  m_ObjectHideFlags: 0
  m_CorrespondingSourceObject: {fileID: 0}
  m_PrefabInstance: {fileID: 0}
  m_PrefabAsset: {fileID: 0}
  m_GameObject: {fileID: 6897192636182571503}
  m_Enabled: 1
  m_EditorHideFlags: 0
  m_Script: {fileID: 11500000, guid: f78190bba0f01cb419143fc2c0faa414, type: 3}
  m_Name: 
  m_EditorClassIdentifier: 
  itemId: 112
  indentLevel: 0
  charName: Mom
  charExpression: Confused
  face: 0
--- !u!114 &4528799982869577744
MonoBehaviour:
  m_ObjectHideFlags: 0
  m_CorrespondingSourceObject: {fileID: 0}
  m_PrefabInstance: {fileID: 0}
  m_PrefabAsset: {fileID: 0}
  m_GameObject: {fileID: 6897192636182571503}
  m_Enabled: 1
  m_EditorHideFlags: 0
  m_Script: {fileID: 11500000, guid: f78190bba0f01cb419143fc2c0faa414, type: 3}
  m_Name: 
  m_EditorClassIdentifier: 
  itemId: 113
  indentLevel: 0
  charName: Mom
  charExpression: Despair
  face: 0
--- !u!114 &5447916274933002947
MonoBehaviour:
  m_ObjectHideFlags: 0
  m_CorrespondingSourceObject: {fileID: 0}
  m_PrefabInstance: {fileID: 0}
  m_PrefabAsset: {fileID: 0}
  m_GameObject: {fileID: 6897192636182571503}
  m_Enabled: 1
  m_EditorHideFlags: 0
  m_Script: {fileID: 11500000, guid: f78190bba0f01cb419143fc2c0faa414, type: 3}
  m_Name: 
  m_EditorClassIdentifier: 
  itemId: 114
  indentLevel: 0
  charName: Child
  charExpression: Cry
  face: 1
--- !u!114 &3415060903220019760
MonoBehaviour:
  m_ObjectHideFlags: 0
  m_CorrespondingSourceObject: {fileID: 0}
  m_PrefabInstance: {fileID: 0}
  m_PrefabAsset: {fileID: 0}
  m_GameObject: {fileID: 6897192636182571503}
  m_Enabled: 1
  m_EditorHideFlags: 0
  m_Script: {fileID: 11500000, guid: f78190bba0f01cb419143fc2c0faa414, type: 3}
  m_Name: 
  m_EditorClassIdentifier: 
  itemId: 115
  indentLevel: 0
  charName: Mom
  charExpression: Shocked
  face: 0
--- !u!114 &3085118675321295333
MonoBehaviour:
  m_ObjectHideFlags: 0
  m_CorrespondingSourceObject: {fileID: 0}
  m_PrefabInstance: {fileID: 0}
  m_PrefabAsset: {fileID: 0}
  m_GameObject: {fileID: 6897192636182571503}
  m_Enabled: 0
  m_EditorHideFlags: 0
  m_Script: {fileID: 11500000, guid: f78190bba0f01cb419143fc2c0faa414, type: 3}
  m_Name: 
  m_EditorClassIdentifier: 
  itemId: 116
  indentLevel: 0
  charName: Mom
  charExpression: Menacing
  face: 0
--- !u!114 &7404882595297436438
MonoBehaviour:
  m_ObjectHideFlags: 0
  m_CorrespondingSourceObject: {fileID: 0}
  m_PrefabInstance: {fileID: 0}
  m_PrefabAsset: {fileID: 0}
  m_GameObject: {fileID: 6897192636182571503}
  m_Enabled: 0
  m_EditorHideFlags: 0
  m_Script: {fileID: 11500000, guid: f78190bba0f01cb419143fc2c0faa414, type: 3}
  m_Name: 
  m_EditorClassIdentifier: 
  itemId: 117
  indentLevel: 0
  charName: Mom
  charExpression: IDC
  face: 0
--- !u!114 &8542074218823766067
MonoBehaviour:
  m_ObjectHideFlags: 0
  m_CorrespondingSourceObject: {fileID: 0}
  m_PrefabInstance: {fileID: 0}
  m_PrefabAsset: {fileID: 0}
  m_GameObject: {fileID: 6897192636182571503}
  m_Enabled: 0
  m_EditorHideFlags: 0
  m_Script: {fileID: 11500000, guid: f78190bba0f01cb419143fc2c0faa414, type: 3}
  m_Name: 
  m_EditorClassIdentifier: 
  itemId: 118
  indentLevel: 0
  charName: Mom
  charExpression: Shocked
  face: 0
--- !u!114 &9175632903304039661
MonoBehaviour:
  m_ObjectHideFlags: 0
  m_CorrespondingSourceObject: {fileID: 0}
  m_PrefabInstance: {fileID: 0}
  m_PrefabAsset: {fileID: 0}
  m_GameObject: {fileID: 6897192636182571503}
  m_Enabled: 0
  m_EditorHideFlags: 0
  m_Script: {fileID: 11500000, guid: f78190bba0f01cb419143fc2c0faa414, type: 3}
  m_Name: 
  m_EditorClassIdentifier: 
  itemId: 119
  indentLevel: 0
  charName: Child
  charExpression: Happy
  face: 1
--- !u!114 &7253746983141128732
MonoBehaviour:
  m_ObjectHideFlags: 0
  m_CorrespondingSourceObject: {fileID: 0}
  m_PrefabInstance: {fileID: 0}
  m_PrefabAsset: {fileID: 0}
  m_GameObject: {fileID: 6897192636182571503}
  m_Enabled: 0
  m_EditorHideFlags: 0
  m_Script: {fileID: 11500000, guid: f78190bba0f01cb419143fc2c0faa414, type: 3}
  m_Name: 
  m_EditorClassIdentifier: 
  itemId: 120
  indentLevel: 0
  charName: Mom
  charExpression: Default
  face: 0
--- !u!114 &3460500081800330548
MonoBehaviour:
  m_ObjectHideFlags: 0
  m_CorrespondingSourceObject: {fileID: 0}
  m_PrefabInstance: {fileID: 0}
  m_PrefabAsset: {fileID: 0}
  m_GameObject: {fileID: 6897192636182571503}
  m_Enabled: 1
  m_EditorHideFlags: 0
  m_Script: {fileID: 11500000, guid: f78190bba0f01cb419143fc2c0faa414, type: 3}
  m_Name: 
  m_EditorClassIdentifier: 
  itemId: 121
  indentLevel: 0
  charName: Child
  charExpression: Default
  face: 1
--- !u!114 &6887575818923943043
MonoBehaviour:
  m_ObjectHideFlags: 0
  m_CorrespondingSourceObject: {fileID: 0}
  m_PrefabInstance: {fileID: 0}
  m_PrefabAsset: {fileID: 0}
  m_GameObject: {fileID: 6897192636182571503}
  m_Enabled: 0
  m_EditorHideFlags: 0
  m_Script: {fileID: 11500000, guid: f78190bba0f01cb419143fc2c0faa414, type: 3}
  m_Name: 
  m_EditorClassIdentifier: 
  itemId: 122
  indentLevel: 0
  charName: Mom
  charExpression: Complexed
  face: 0
--- !u!114 &2584141965300804799
MonoBehaviour:
  m_ObjectHideFlags: 0
  m_CorrespondingSourceObject: {fileID: 0}
  m_PrefabInstance: {fileID: 0}
  m_PrefabAsset: {fileID: 0}
  m_GameObject: {fileID: 6897192636182571503}
  m_Enabled: 0
  m_EditorHideFlags: 0
  m_Script: {fileID: 11500000, guid: f78190bba0f01cb419143fc2c0faa414, type: 3}
  m_Name: 
  m_EditorClassIdentifier: 
  itemId: 123
  indentLevel: 0
  charName: Child
  charExpression: Default
  face: 1
--- !u!114 &6999785109619193827
MonoBehaviour:
  m_ObjectHideFlags: 0
  m_CorrespondingSourceObject: {fileID: 0}
  m_PrefabInstance: {fileID: 0}
  m_PrefabAsset: {fileID: 0}
  m_GameObject: {fileID: 6897192636182571503}
  m_Enabled: 0
  m_EditorHideFlags: 0
  m_Script: {fileID: 11500000, guid: f78190bba0f01cb419143fc2c0faa414, type: 3}
  m_Name: 
  m_EditorClassIdentifier: 
  itemId: 124
  indentLevel: 0
  charName: Mom
  charExpression: Default
  face: 0
--- !u!114 &4920779680055511534
MonoBehaviour:
  m_ObjectHideFlags: 0
  m_CorrespondingSourceObject: {fileID: 0}
  m_PrefabInstance: {fileID: 0}
  m_PrefabAsset: {fileID: 0}
  m_GameObject: {fileID: 6897192636182571503}
  m_Enabled: 1
  m_EditorHideFlags: 0
  m_Script: {fileID: 11500000, guid: 94ec2b919db5834489922f975c2ca4e5, type: 3}
  m_Name: 
  m_EditorClassIdentifier: 
  itemId: 125
  indentLevel: 0
--- !u!114 &2258319534609977812
MonoBehaviour:
  m_ObjectHideFlags: 0
  m_CorrespondingSourceObject: {fileID: 0}
  m_PrefabInstance: {fileID: 0}
  m_PrefabAsset: {fileID: 0}
  m_GameObject: {fileID: 6897192636182571503}
  m_Enabled: 1
  m_EditorHideFlags: 0
  m_Script: {fileID: 11500000, guid: 45702df9fb1ee3f4a8ad2dfbcd149678, type: 3}
  m_Name: 
  m_EditorClassIdentifier: 
  itemId: 126
  indentLevel: 0
  sayDialogueType: 1
  hideDialogue: 0
--- !u!114 &2566939089642497574
MonoBehaviour:
  m_ObjectHideFlags: 0
  m_CorrespondingSourceObject: {fileID: 0}
  m_PrefabInstance: {fileID: 0}
  m_PrefabAsset: {fileID: 0}
  m_GameObject: {fileID: 6897192636182571503}
  m_Enabled: 1
  m_EditorHideFlags: 0
  m_Script: {fileID: 11500000, guid: 58b0ad28b2e4fe24e8992567120be269, type: 3}
  m_Name: 
  m_EditorClassIdentifier: 
  itemId: 127
  indentLevel: 0
  illust: {fileID: 21300000, guid: aeb9e8a47d025f04398f72f00516dd94, type: 3}
--- !u!114 &914576750979480528
MonoBehaviour:
  m_ObjectHideFlags: 0
  m_CorrespondingSourceObject: {fileID: 0}
  m_PrefabInstance: {fileID: 0}
  m_PrefabAsset: {fileID: 0}
  m_GameObject: {fileID: 6897192636182571503}
  m_Enabled: 1
  m_EditorHideFlags: 0
  m_Script: {fileID: 11500000, guid: 58b0ad28b2e4fe24e8992567120be269, type: 3}
  m_Name: 
  m_EditorClassIdentifier: 
  itemId: 128
  indentLevel: 0
  illust: {fileID: 21300000, guid: 2dba6c178b9c1c247a7a95698080e96b, type: 3}
--- !u!114 &8675731145946531289
MonoBehaviour:
  m_ObjectHideFlags: 0
  m_CorrespondingSourceObject: {fileID: 0}
  m_PrefabInstance: {fileID: 0}
  m_PrefabAsset: {fileID: 0}
  m_GameObject: {fileID: 6897192636182571503}
  m_Enabled: 1
  m_EditorHideFlags: 0
  m_Script: {fileID: 11500000, guid: 45702df9fb1ee3f4a8ad2dfbcd149678, type: 3}
  m_Name: 
  m_EditorClassIdentifier: 
  itemId: 129
  indentLevel: 0
  sayDialogueType: 1
  hideDialogue: 0
--- !u!114 &7317909468753993849
MonoBehaviour:
  m_ObjectHideFlags: 0
  m_CorrespondingSourceObject: {fileID: 0}
  m_PrefabInstance: {fileID: 0}
  m_PrefabAsset: {fileID: 0}
  m_GameObject: {fileID: 6897192636182571503}
  m_Enabled: 1
  m_EditorHideFlags: 0
  m_Script: {fileID: 11500000, guid: 58b0ad28b2e4fe24e8992567120be269, type: 3}
  m_Name: 
  m_EditorClassIdentifier: 
  itemId: 130
  indentLevel: 0
  illust: {fileID: 21300000, guid: b6ef6ecc5491f144f87515e38d569b0c, type: 3}
--- !u!114 &341623180904901754
MonoBehaviour:
  m_ObjectHideFlags: 0
  m_CorrespondingSourceObject: {fileID: 0}
  m_PrefabInstance: {fileID: 0}
  m_PrefabAsset: {fileID: 0}
  m_GameObject: {fileID: 6897192636182571503}
  m_Enabled: 1
  m_EditorHideFlags: 0
  m_Script: {fileID: 11500000, guid: 45702df9fb1ee3f4a8ad2dfbcd149678, type: 3}
  m_Name: 
  m_EditorClassIdentifier: 
  itemId: 131
  indentLevel: 0
  sayDialogueType: 0
  hideDialogue: 0
--- !u!114 &1046992295848730419
MonoBehaviour:
  m_ObjectHideFlags: 0
  m_CorrespondingSourceObject: {fileID: 0}
  m_PrefabInstance: {fileID: 0}
  m_PrefabAsset: {fileID: 0}
  m_GameObject: {fileID: 6897192636182571503}
  m_Enabled: 1
  m_EditorHideFlags: 0
  m_Script: {fileID: 11500000, guid: 45702df9fb1ee3f4a8ad2dfbcd149678, type: 3}
  m_Name: 
  m_EditorClassIdentifier: 
  itemId: 132
  indentLevel: 0
  sayDialogueType: 1
  hideDialogue: 0
--- !u!114 &5617428710432926622
MonoBehaviour:
  m_ObjectHideFlags: 0
  m_CorrespondingSourceObject: {fileID: 0}
  m_PrefabInstance: {fileID: 0}
  m_PrefabAsset: {fileID: 0}
  m_GameObject: {fileID: 6897192636182571503}
  m_Enabled: 0
  m_EditorHideFlags: 0
  m_Script: {fileID: 11500000, guid: 58b0ad28b2e4fe24e8992567120be269, type: 3}
  m_Name: 
  m_EditorClassIdentifier: 
  itemId: 133
  indentLevel: 0
  illust: {fileID: 21300000, guid: c3214952064f64a4eb160ea26f57c5b2, type: 3}
--- !u!114 &7427720946342498510
MonoBehaviour:
  m_ObjectHideFlags: 0
  m_CorrespondingSourceObject: {fileID: 0}
  m_PrefabInstance: {fileID: 0}
  m_PrefabAsset: {fileID: 0}
  m_GameObject: {fileID: 6897192636182571503}
  m_Enabled: 1
  m_EditorHideFlags: 0
  m_Script: {fileID: 11500000, guid: 58b0ad28b2e4fe24e8992567120be269, type: 3}
  m_Name: 
  m_EditorClassIdentifier: 
  itemId: 134
  indentLevel: 0
  illust: {fileID: 21300000, guid: b6ef6ecc5491f144f87515e38d569b0c, type: 3}
--- !u!114 &3784219311860126207
MonoBehaviour:
  m_ObjectHideFlags: 0
  m_CorrespondingSourceObject: {fileID: 0}
  m_PrefabInstance: {fileID: 0}
  m_PrefabAsset: {fileID: 0}
  m_GameObject: {fileID: 6897192636182571503}
  m_Enabled: 1
  m_EditorHideFlags: 0
  m_Script: {fileID: 11500000, guid: 45702df9fb1ee3f4a8ad2dfbcd149678, type: 3}
  m_Name: 
  m_EditorClassIdentifier: 
  itemId: 135
  indentLevel: 0
  sayDialogueType: 0
  hideDialogue: 0
--- !u!114 &6361703927849665699
MonoBehaviour:
  m_ObjectHideFlags: 0
  m_CorrespondingSourceObject: {fileID: 0}
  m_PrefabInstance: {fileID: 0}
  m_PrefabAsset: {fileID: 0}
  m_GameObject: {fileID: 6897192636182571503}
  m_Enabled: 1
  m_EditorHideFlags: 0
  m_Script: {fileID: 11500000, guid: 58b0ad28b2e4fe24e8992567120be269, type: 3}
  m_Name: 
  m_EditorClassIdentifier: 
  itemId: 136
  indentLevel: 0
  illust: {fileID: 21300000, guid: 5847eb499026d634f9de5959731ceba3, type: 3}
--- !u!114 &6108530995849177245
MonoBehaviour:
  m_ObjectHideFlags: 0
  m_CorrespondingSourceObject: {fileID: 0}
  m_PrefabInstance: {fileID: 0}
  m_PrefabAsset: {fileID: 0}
  m_GameObject: {fileID: 6897192636182571503}
  m_Enabled: 1
  m_EditorHideFlags: 0
  m_Script: {fileID: 11500000, guid: 58b0ad28b2e4fe24e8992567120be269, type: 3}
  m_Name: 
  m_EditorClassIdentifier: 
  itemId: 137
  indentLevel: 0
  illust: {fileID: 21300000, guid: f3e8cdfa9e6c13946aa04e58d464c1f4, type: 3}
--- !u!114 &1861676082871354829
MonoBehaviour:
  m_ObjectHideFlags: 0
  m_CorrespondingSourceObject: {fileID: 0}
  m_PrefabInstance: {fileID: 0}
  m_PrefabAsset: {fileID: 0}
  m_GameObject: {fileID: 6897192636182571503}
  m_Enabled: 1
  m_EditorHideFlags: 0
  m_Script: {fileID: 11500000, guid: 58b0ad28b2e4fe24e8992567120be269, type: 3}
  m_Name: 
  m_EditorClassIdentifier: 
  itemId: 138
  indentLevel: 0
  illust: {fileID: 21300000, guid: df827a63a9783c24dbc4dbab5c092cef, type: 3}
--- !u!114 &7048126205852779976
MonoBehaviour:
  m_ObjectHideFlags: 0
  m_CorrespondingSourceObject: {fileID: 0}
  m_PrefabInstance: {fileID: 0}
  m_PrefabAsset: {fileID: 0}
  m_GameObject: {fileID: 6897192636182571503}
  m_Enabled: 1
  m_EditorHideFlags: 0
  m_Script: {fileID: 11500000, guid: 94ec2b919db5834489922f975c2ca4e5, type: 3}
  m_Name: 
  m_EditorClassIdentifier: 
  itemId: 139
  indentLevel: 0
--- !u!114 &6511663330796470820
MonoBehaviour:
  m_ObjectHideFlags: 0
  m_CorrespondingSourceObject: {fileID: 0}
  m_PrefabInstance: {fileID: 0}
  m_PrefabAsset: {fileID: 0}
  m_GameObject: {fileID: 6897192636182571503}
  m_Enabled: 1
  m_EditorHideFlags: 0
  m_Script: {fileID: 11500000, guid: 94ec2b919db5834489922f975c2ca4e5, type: 3}
  m_Name: 
  m_EditorClassIdentifier: 
  itemId: 140
  indentLevel: 0
--- !u!114 &7052340002982200018
MonoBehaviour:
  m_ObjectHideFlags: 0
  m_CorrespondingSourceObject: {fileID: 0}
  m_PrefabInstance: {fileID: 0}
  m_PrefabAsset: {fileID: 0}
  m_GameObject: {fileID: 6897192636182571503}
  m_Enabled: 1
  m_EditorHideFlags: 0
  m_Script: {fileID: 11500000, guid: 58b0ad28b2e4fe24e8992567120be269, type: 3}
  m_Name: 
  m_EditorClassIdentifier: 
  itemId: 141
  indentLevel: 0
  illust: {fileID: 21300000, guid: 2ff54391ea62c4c40b3272700c905459, type: 3}
--- !u!114 &493025381144260063
MonoBehaviour:
  m_ObjectHideFlags: 0
  m_CorrespondingSourceObject: {fileID: 0}
  m_PrefabInstance: {fileID: 0}
  m_PrefabAsset: {fileID: 0}
  m_GameObject: {fileID: 6897192636182571503}
  m_Enabled: 1
  m_EditorHideFlags: 0
  m_Script: {fileID: 11500000, guid: bd2f6be51b3d7490ba5633ee095d0391, type: 3}
  m_Name: 
  m_EditorClassIdentifier: 
  itemId: 142
  indentLevel: 0
  soundClip: {fileID: 8300000, guid: 2944dd275fa889740bb60be49855ab91, type: 3}
  volume: 1
  waitUntilFinished: 0
--- !u!114 &4799894419537601176
MonoBehaviour:
  m_ObjectHideFlags: 0
  m_CorrespondingSourceObject: {fileID: 0}
  m_PrefabInstance: {fileID: 0}
  m_PrefabAsset: {fileID: 0}
  m_GameObject: {fileID: 6897192636182571503}
  m_Enabled: 1
  m_EditorHideFlags: 0
  m_Script: {fileID: 11500000, guid: bd2f6be51b3d7490ba5633ee095d0391, type: 3}
  m_Name: 
  m_EditorClassIdentifier: 
  itemId: 143
  indentLevel: 0
  soundClip: {fileID: 8300000, guid: 04e01499e4d029346990ff4d1f230127, type: 3}
  volume: 1
  waitUntilFinished: 0
--- !u!114 &1268111076100022199
MonoBehaviour:
  m_ObjectHideFlags: 0
  m_CorrespondingSourceObject: {fileID: 0}
  m_PrefabInstance: {fileID: 0}
  m_PrefabAsset: {fileID: 0}
  m_GameObject: {fileID: 6897192636182571503}
  m_Enabled: 1
  m_EditorHideFlags: 0
  m_Script: {fileID: 11500000, guid: bd2f6be51b3d7490ba5633ee095d0391, type: 3}
  m_Name: 
  m_EditorClassIdentifier: 
  itemId: 144
  indentLevel: 0
  soundClip: {fileID: 8300000, guid: 04e01499e4d029346990ff4d1f230127, type: 3}
  volume: 1
  waitUntilFinished: 0
--- !u!114 &2998732729863514687
MonoBehaviour:
  m_ObjectHideFlags: 0
  m_CorrespondingSourceObject: {fileID: 0}
  m_PrefabInstance: {fileID: 0}
  m_PrefabAsset: {fileID: 0}
  m_GameObject: {fileID: 6897192636182571503}
  m_Enabled: 1
  m_EditorHideFlags: 0
  m_Script: {fileID: 11500000, guid: 3315ad2ebb85443909a1203d56d9344e, type: 3}
  m_Name: 
  m_EditorClassIdentifier: 
  itemId: 145
  indentLevel: 0
  _duration:
    floatRef: {fileID: 0}
    floatVal: 1
  durationOLD: 0
--- !u!114 &7162767214869329649
MonoBehaviour:
  m_ObjectHideFlags: 0
  m_CorrespondingSourceObject: {fileID: 0}
  m_PrefabInstance: {fileID: 0}
  m_PrefabAsset: {fileID: 0}
  m_GameObject: {fileID: 6897192636182571503}
  m_Enabled: 1
  m_EditorHideFlags: 0
  m_Script: {fileID: 11500000, guid: 1902400ccc99b45d69ad01cb86b57d0f, type: 3}
  m_Name: 
  m_EditorClassIdentifier: 
  itemId: 146
  indentLevel: 0
  musicClip: {fileID: 8300000, guid: 409f722ac873c7c4b87d08c1ac3a22d9, type: 3}
  atTime: 0
  loop: 1
  fadeDuration: 1
--- !u!114 &6879344832582093824
MonoBehaviour:
  m_ObjectHideFlags: 0
  m_CorrespondingSourceObject: {fileID: 0}
  m_PrefabInstance: {fileID: 0}
  m_PrefabAsset: {fileID: 0}
  m_GameObject: {fileID: 6897192636182571503}
  m_Enabled: 1
  m_EditorHideFlags: 0
  m_Script: {fileID: 11500000, guid: 3315ad2ebb85443909a1203d56d9344e, type: 3}
  m_Name: 
  m_EditorClassIdentifier: 
  itemId: 147
  indentLevel: 0
  _duration:
    floatRef: {fileID: 0}
    floatVal: 0.5
  durationOLD: 0
--- !u!114 &1211774074159207628
MonoBehaviour:
  m_ObjectHideFlags: 0
  m_CorrespondingSourceObject: {fileID: 0}
  m_PrefabInstance: {fileID: 0}
  m_PrefabAsset: {fileID: 0}
  m_GameObject: {fileID: 6897192636182571503}
  m_Enabled: 1
  m_EditorHideFlags: 0
  m_Script: {fileID: 11500000, guid: b359b09a7ba2e4af981f07c07f8af85a, type: 3}
  m_Name: 
  m_EditorClassIdentifier: 
  itemId: 148
  indentLevel: 0
--- !u!114 &5863180166625424133
MonoBehaviour:
  m_ObjectHideFlags: 0
  m_CorrespondingSourceObject: {fileID: 0}
  m_PrefabInstance: {fileID: 0}
  m_PrefabAsset: {fileID: 0}
  m_GameObject: {fileID: 6897192636182571503}
  m_Enabled: 1
  m_EditorHideFlags: 0
  m_Script: {fileID: 11500000, guid: 3315ad2ebb85443909a1203d56d9344e, type: 3}
  m_Name: 
  m_EditorClassIdentifier: 
  itemId: 149
  indentLevel: 0
  _duration:
    floatRef: {fileID: 0}
    floatVal: 3
  durationOLD: 0
